Unix NetHack Version 3.7.0-89 Work-in-progress - last build Nov 29 2023 03:14:05 (8663f69846b387d428bf56816b0fc57e108cd183,branch:master). Game began 2023-12-02 15:31:26, ended 2023-12-02 15:41:02. elenmirie, neutral female human Priestess ---- --..-- ----- --....| |...| |....-- -----...| |.^..| --......%--- |....-- |..-----...| |.....| --.-- ---%| --.).-- - |..| |.| --.|.| ..---.-- |.| --|..|-- ....%..| |.| |.|.-- ........-- |.| ---- |...| .. -........------ |.---..-- |...| -..---).......--..| |.......-- |.G@| ...)[)..|.........---------..---...| .##----.|----.......| --....0..| --)-- |.......| --..---.| |..<| |...--.-- ---- --.-- |.------ --- - Elenmirie the Acolyte St:16 Dx:11 Co:15 In:10 Wi:15 Ch:10 Neutral Dlvl:3 $:0 HP:0(38) Pw:67(67) AC:5 Xp:5/184 T:2429 Hungry Deaf Latest messages: You hear someone incant VENZAR BORGAVVE. Call a scroll labeled VENZAR BORGAVVE: monster read ven You stop searching. You feel tough! You must have been leading a healthy life-style. You kill the gnome! Welcome to experience level 5. There are several objects here. You see here an uncursed gnome lord corpse. With great effort you move the boulder. You miss the manes. You destroy the manes! You kill the gnome! You hit the manes! You destroy the manes! You destroy the manes! You destroy the manes! You see here a cursed lock pick. You are momentarily blinded by a flash of light! You hear a deafening roar! You feel an unseen monster! It hits! Your purse feels lighter. You attack thin air. y - a cursed lock pick. You can see again. You are beginning to feel hungry. You stop searching. What do you want to adjust? [a-oq-tv-y or ?*] y Adjust letter to what [puyzA-Z] (? see used letters)? e Swapping: e - a cursed lock pick. You kill the gnome! There are several objects here. z - an uncursed hard hat. What do you want to wear? [z or ?*] z You finish your dressing maneuver. The gnome lord wields an uncursed broad short sword! The gnome lord thrusts his broad short sword. The gnome lord hits! The gnome lord thrusts his broad short sword. The gnome lord hits! You hit the gnome lord! The gnome lord thrusts his broad short sword. The gnome lord hits! You die... Do you want your possessions identified? [ynq] (y) y Do you want to see your attributes? [ynq] (y) y Do you want an account of creatures vanquished? [ynaq] (y) y Do you want to see your conduct and achievements? [ynq] (y) y Do you want to see the dungeon overview? [ynq] (y) y Inventory: Weapons m - 14 uncursed poisoned +0 darts (at the ready) l - an uncursed rustproof +0 dagger s - an uncursed +0 elven dagger a - a blessed +1 mace (weapon in hand) Armor z - an uncursed +0 dwarvish iron helm (being worn) c - an uncursed +0 small shield (being worn) r - an uncursed +0 dwarvish cloak b - an uncursed +0 robe (being worn) Comestibles y - 2 uncursed cloves of garlic v - 2 uncursed food rations f - an uncursed sprig of wolfsbane q - an uncursed tripe ration Scrolls w - an uncursed scroll of confuse monster x - a cursed scroll of create monster n - an uncursed scroll of magic mapping Spellbooks g - an uncursed spellbook of detect monsters h - an uncursed spellbook of protection o - an uncursed spellbook of slow monster Potions k - a blessed potion of gain level d - 3 potions of holy water j - an uncursed potion of water Wands i - an uncursed wand of make invisible (0:6) Tools e - a cursed lock pick t - an uncursed oil lamp (lit) Elenmirie the Priestess's attributes: Background: You were an Acolyte, a level 5 human Priestess. You were neutral, on a mission for Venus who was opposed by Mercury (lawful) and Mars (chaotic). You were in the Gnomish Mines, on level 3. You entered the dungeon 2429 turns ago. You had 184 experience points, 136 more were needed to attain level 6. Basics: You had 0 out of 38 hit points. You had all 67 energy points (spell power). Your armor class was 5. Your wallet was empty. Autopickup was on for '$' plus thrown. Final Characteristics: Your strength was 16 (limit:18/100). Your dexterity was 11 (limit:18). Your constitution was 15 (limit:18). Your intelligence was 10 (limit:18). Your wisdom was 15 (limit:18). Your charisma was 10 (limit:18). Final Status: You were deaf. You were hungry. You were unencumbered. You were wielding a mace. You had basic skill with mace. Final Attributes: You were piously aligned. You were guarded. You are dead. Miscellaneous: You never encountered a bones level. Total elapsed playing time was 9 minutes and 32 seconds. Major events: Turn 1: elenmirie the neutral human Priestess entered the dungeon 517: attained the rank of Acolyte (level 3) 883: entered the Gnomish Mines 2429: killed by a gnome lord Vanquished creatures: a shrieker a gnome leader a little dog a dwarf a kobold leader an iguana 4 hobbits 5 manes 2 large kobolds 7 gnomes 4 geckos a jackal 3 foxes a kobold a goblin 2 grid bugs a bat 4 lichens 3 newts 44 creatures vanquished. No species were genocided or became extinct. Voluntary challenges: You read items or engraved 3 times. You never engraved Elbereth. You never genocided any monsters. You never polymorphed an object. You never changed form. You used no wishes. Achievements: You attained the rank of Acolyte. You entered the Gnomish Mines. The Dungeons of Doom: levels 1 to 4 Level 1: Level 2: Some fountains. Stairs down to The Gnomish Mines. Level 3: Some fountains. Level 4: The Gnomish Mines: Level 3: <- You were here. Final resting place for you, killed by a gnome lord. Game over: ---------- / \ / REST \ / IN \ / PEACE \ / \ | elenmirie | | 0 Au | | killed by a | | gnome lord | | | | | | 2023 | *| * * * | * _________)/\\_//(\/(/\)/\//\/|_)_______ Goodbye elenmirie the Priestess... You died in The Gnomish Mines on dungeon level 3 with 886 points, and 0 pieces of gold, after 2429 moves. You were level 5 with a maximum of 38 hit points when you died.